 Dungeon Crawl Stone Soup version 0.29.1-14-g9c671dbff4 (webtiles) character file.

Game seed: 12909863986598702474

67 Wobber the Changer (level 4, 0/28 HPs)
             Began as an Octopode Transmuter on Feb 14, 2023.
             Killed from afar by an orc wizard (9 damage)
             ... with a magic dart
             ... on level 2 of the Dungeon.
             The game lasted 00:08:54 (2859 turns).

Wobber the Changer (Octopode Transmuter)            Turns: 2859, Time: 00:08:55

Health: 0/28       AC:  1    Str:  9    XL:     4   Next: 16%
Magic:  7/7        EV: 13    Int: 17    God:
Gold:   109        SH:  0    Dex: 12    Spells: 3/7 levels left

rFire   . . .      SeeInvis .   j - +1 war axe (elec)
rCold   . . .      Faith    .   (no shield)
rNeg    . . .      Spirit   .   (helmet restricted)
rPois   .          Reflect  .   (no amulet)
rElec   .          Harm     .   d - ring of willpower
rCorr   .          Rampage  .   (no ring)
Will    +....                   (no ring)
Stlth   +++.......              (no ring)
HPRegen 0.09/turn               (no ring)
MPRegen 0.10/turn               (no ring)
                                (no ring)
                                (no ring)

@: no status effects
A: almost no armour, amphibious, 8 rings, camouflage 1, gelatinous body 1,
(nimble swimmer 1), tentacles
a: no special abilities


You were on level 2 of the Dungeon.
You visited 1 branch of the dungeon, and saw 2 of its levels.

You collected 109 gold pieces.

Inventory:

Hand Weapons
 j - a +1 war axe of electrocution (weapon)
Missiles
 i - 26 stones
Magical Staves
 b - a staff of conjuration
 g - a staff of cold
Jewellery
 d - a ring of willpower (left tentacle)
 n - a ring of fire
Scrolls
 c - a scroll of enchant weapon {unknown}
 e - a scroll of vulnerability {unknown}
 f - 4 scrolls of identify {unknown}
 k - a scroll of teleportation {unknown}
 o - a scroll of butterflies {unknown}
Potions
 a - a potion of lignification
 h - a potion of flight {unknown}
 l - a potion of curing
 m - a potion of haste {unknown}


   Skills:
 - Level 1.4 Fighting
 - Level 2.3 Dodging
 - Level 1.4 Stealth
 - Level 3.0 Unarmed Combat
 - Level 2.0 Spellcasting
 + Level 3.2 Transmutations
 + Level 1.9 Poison Magic


You had 3 spell levels left.
You knew the following spells:

 Your Spells              Type           Power      Damage    Failure   Level
a - Beastly Appendage     Tmut           24%        N/A       5%          1
b - Spider Form           Tmut/Pois      10%        N/A       21%         3

Your spell library contained the following spells:

 Spells                   Type           Power      Damage    Failure   Level
 Wereblood                Tmut           12%        N/A       8%          2
 Ice Form                 Ice/Tmut       7%         N/A       69%         4


Dungeon Overview and Level Annotations

Branches:
Dungeon (2/15)

Altars:


Innate Abilities, Weirdness & Mutations

You cannot wear most types of armour.
You are amphibious.
You can wear up to eight rings at the same time.
Your skin changes colour to match your surroundings (Stealth+).
Your rubbery body absorbs attacks. (AC +1, EV +1)
((You are camouflaged when in or above water. (Stealth+)))
You have tentacles for arms and can constrict up to eight enemies at once.


Message History

You see here a hobgoblin corpse.
Done exploring.
Done exploring.
An orc wizard comes into view. It is wielding a +0 dagger.
The orc wizard shouts!
You hear a shout! x2
One of your tentacles grows a vicious spike.
The orc wizard gestures at you while chanting.
The magic dart hits you!
An orc comes into view. It is wielding a +0 war axe.
An orc comes into view. It is wielding a +0 club.
The orc wizard hits you with a +0 dagger.
You hit the orc wizard. You grab the orc wizard.
You pierce the orc wizard, but do no damage.
The orc wizard is lightly wounded.
You constrict the orc wizard.
The orc wizard hits you with a +0 dagger.
You slash the orc wizard!
You pierce the orc wizard.
You squeeze the orc wizard.
The orc wizard is almost dead.
You constrict the orc wizard, but do no damage.
The orc wizard gestures at you while chanting.
The puff of flame hits you.
* * * LOW HITPOINT WARNING * * *
An orc comes into view. It is wielding a +0 short sword.
The orc wizard hits you with a +0 dagger.
* * * LOW HITPOINT WARNING * * *
It was a potion of curing.
You feel better.
You constrict the orc wizard. The orc wizard barely misses you.
You release your grip on the orc wizard.
The orc shouts!
You hear a shout!
The orc wizard casts a spell.
The orc wizard flickers and vanishes!
Deactivating autopickup; reactivate with Ctrl-A.
Your transformation is almost over.
A magic dart appears from out of thin air!
The magic dart hits you.
Your tentacle spike disappears.
A magic dart appears from out of thin air!
The magic dart hits you!
You die...

.................################
......##.######..o.{.o.o........>
#####.#### ##.###########o....
#.# #o# ##### #.#### #.###
#{###...## #.# # #...#
#.##.###.####.# # ###.#### #.##.#
#....<.#### #....#
#.##.###.#######.. ####.#
#@###...## #># #.# #.# ##†## #.#
##########.# #.# #.# #.#
...........# #.# #.# #.#
#######.#..# #.# #.###### #.#
...........# #.# #......# #.#
........#..#####.# ######.# #.#
.................# #.# #.#
.######.#.######## ##### #.# #.#


You could see 2 orcs.

Vanquished Creatures
  A worm (D:2)
  A dart slug (D:2)
  3 bats
  11 endoplasms
  3 giant cockroaches (D:1)
  3 goblins
  5 hobgoblins
  7 jackals (D:2)
  2 quokkas (D:2)
  2 ball pythons (D:1)
  3 frilled lizards (D:1)
  4 kobolds
  11 rats
56 creatures vanquished.

Notes
Turn   | Place    | Note
-------+----------+-------------------------------------------
     0 | D:1      | Wobber the Octopode Transmuter began the quest for the Orb.
     0 | D:1      | Reached XP level 1. HP: 13/13 MP: 3/3
   244 | D:1      | Reached XP level 2. HP: 18/18 MP: 3/5
   280 | D:1      | Reached skill level 1 in Stealth
   721 | D:1      | Reached XP level 3. HP: 23/23 MP: 4/6
   725 | D:1      | Learned a level 3 spell: Spider Form
  1492 | D:1      | Reached skill level 1 in Poison Magic
  2577 | D:2      | Reached XP level 4. HP: 28/28 MP: 5/7
  2859 | D:2      | Killed from afar by an orc wizard

Illustrated notes

Levels and vault maps discovered:
D:1:      lemuel_arrival_cross, layout_basic, minmay_vboxes
D:2:      layout_loops_ring, serial_bayou_pond_c

Skill      XL: |  1  2  3 |
---------------+----------+-----
Stealth        | 1 |  1.4
Poison Magic   | 1 |  1.9
Transmutations | 3 |  3.2
Fighting       | |  1.4
Dodging        | |  2.3
Unarmed Combat | |  3.0
Spellcasting   | |  2.0

Action                   |  1- 3 |  4- 6 || total
-------------------------+-------+-------++-------
Melee: Unarmed           |    61 |       ||    61
       Constrict         |    23 |     3 ||    26
       Tentacles         |     9 |     2 ||    11
       Kick              |    29 |     3 ||    32
       Punch             |     5 |     1 ||     6
       War axe           |    31 |    16 ||    47
Throw: Stone             |     2 |       ||     2
 Cast: Beastly Appendage |    32 |     3 ||    35
  Use: Potion            |       |     1 ||     1
 Stab: Sleeping          |    12 |     1 ||    13
Armor: Skin              |     5 |     2 ||     7
Dodge: Dodged            |    40 |    15 ||    55
